[Event "*** MasterClass Titled Tuesday Blitz"]
[Site "Chess.com"]
[Date "2017.12.05"]
[Round "7"]
[White "Vamostodorecto"]
[Black "likantrophuss"]
[Result "1/2-1/2"]
[WhiteElo "2331"]
[BlackElo "2448"]
[TimeControl "180+2"]
[EndTime "15:47:16 PST"]
[Termination "Game drawn by agreement"]

1. c4 Nf6 2. d4 g6 3. Nc3 Bg7 4. e4 d6 5. Be2 O-O 6. Nf3 c5 7. d5 e6 8. O-O exd5 9. cxd5 Bg4 10. h3 Bxf3 11. Bxf3 Re8 12. Bg5 Nbd7 13. Qd2 a6 14. g3 Qe7 15. Bg2 Qf8 16. a4 h6 17. Bf4 Nh5 18. Be3 f5 19. exf5 gxf5 20. Ne2 Ne5 21. Rac1 b5 22. axb5 axb5 23. b3 Ra3 24. Qc2 Rea8 25.
Nf4 Ra2 26. Qd1 Nxf4 27. Bxf4 Ng6 28. Be3 f4 29. Bd2 f3 30. Bxf3 Rxd2 31. Qxd2 Qxf3 32. Qd1 Qf5 33. Kg2 Bd4 34. Qf3 Qg5 35. Kh2 Rf8 36. Qg2 Be5 37. Kh1 Qd2 38. f4 Qxg2+ 39. Kxg2 Bd4 40. Rfe1 h5 41. Re6 Kh7 42. Rxd6 h4 43. Re1 hxg3 44. Kxg3 Nxf4 45. Re7+ Kg8 46. Rdd7 c4 47.
bxc4 bxc4 48. Re4 c3 49. Kg4 c2 50. Rc7 Nxd5 51. Rxc2 Nf6+ 52. Kf5 Nxe4+ 53. Kxe4 Bg7 54. Rg2 Kh7 55. Kd5 Rf3 56. h4 Bf6 57. Rg4 Kh6 58. Ke6 Kh5 59. Rg8 Bxh4 60. Rh8+ Kg4 61. Rg8+ Bg5 62.
Ke5 Re3+ 63. Kd4 Re7 64. Kd5 Re1 65. Kd6 Kf5 66. Rf8+ Bf6 67. Kd5 Rd1+ 68. Kc4 Rd4+ 69. Kc5 Rd7 70. Kc6 Rd1 71. Kc5 Ke6 72. Kc4 Rd4+ 73.
Kc5 Rd3 74. Kc4 Rc3+ 75. Kb4 Rc2 76. Kb3 Rc3+ 77. Kb4 Rc1 78. Kb3 Be7 79. Rf2 Kd5 80.
Rd2+ Ke4 81. Re2+ Kd3 82. Rxe7 Rb1+ 83. Ka2 Rb8 84. Rd7+ 1/2-1/2

[Event "*** MasterClass Titled Tuesday Blitz"]
[Site "Chess.com"]
[Date "2017.12.05"]
[Round "7"]
[White "johannesh"]
[Black "saikrishnaReturns"]
[Result "1/2-1/2"]
[WhiteElo "2298"]
[BlackElo "2419"]
[TimeControl "180+2"]
[EndTime "15:47:29 PST"]
[Termination "Game drawn - insufficient material"]

1. e4 e5 2. Nf3 Nc6 3. Bb5 a6 4. Ba4 d6 5. O-O Nf6 6. d4 b5 7. Bb3 Nxd4 8. Nxd4 exd4 9. Bd5 Nxd5 10. exd5 Be7 11.
Qxd4 O-O 12. a4 Bf6 13. Qd3 Bd7 14. Nc3 Bxc3 15. Qxc3 bxa4 16. Be3 Rb8 17. Rfe1 Rb5 18. Rxa4 Rxd5 19. Rxa6 Re8 20. Raa1 Rde5 21. Bd4 Rxe1+ 22. Rxe1 Rxe1+ 23. Qxe1 c5 24. Bc3 Bc6 25. b4 Qg5 26. f3 h5 27. Qd2 Qg6 28. Qd3 Qe6 29. bxc5 dxc5 30. Qd8+ Kh7 31. Qg5 Qg6 32. Qxg6+ Kxg6 33. Kf2 Ba4 34. h4 Bxc2 35. g3 f6 36. Ke3 Kf5 37.
Ba5 Ke5 38. Bd8 Bd1 39. Be7 c4 40. Bb4 Kd5 41. Bc3 Kc5 42. f4 Kd5 43. Bd4 Ke6 44.
Bc3 Kf5 45. Bd4 Ba4 46. Bc3 Bd7 47. Bd4 Be6 48. Bc3 Bf7 49. Bd4 Ke6 50. Bc3 Kd5 51.
Bd4 Bg6 52. Bc3 Kc5 53. Kf2 Kb5 54. Ke3 Ka4 55. Kd2 Kb3 56. Bd4 Bf5 57. Bc3 Be4 58.
Bd4 Kb4 59. Bc3+ Kc5 60. Ke3 Bc6 61. Bd4+ Kd5 62. Bc3 Ke6 63. Bd4 Kf5 64. Bc3 Kg4 65. Kf2 Kh3 66. Bd4 Kh2 67. Bc3 Kh1 68. Bd4 Kh2 69.
Bc3 Kh3 70. Bd4 Kg4 71. Bc3 Kf5 72. Ke3 g5 73. fxg5 fxg5 74. hxg5 Kxg5 75. Bd4 Kg4 76. Kf2 Kf5 77. Ke3 Bd7 78. Bc3 Ke6 79. Bd4 Kd5 80.
Bc3 Kc5 81. Bd4+ Kb4 82. Kd2 Be6 83. Bc3+ Kb3 84. Bd4 Ka2 85. Kc3 Kb1 86. Be5 Kc1 87. Bb8 Kd1 88. Bc7 Ke2 89. Bb8 Kf3 90. Bc7 Ke4 91.
Bb8 Kd5 92. Bc7 Kc6 93. Bf4 Kd7 94. Be5 Ke7 95. Bf4 Kf7 96. Bb8 Kf6 97. Bc7 Kf5 98.
Bb8 Kg4 99. Bc7 Bd5 100. Bb8 Be4 101. Kxc4 Bd3+ 102. Kxd3 Kh3 103. Ke4 Kg4 104. Ke3 h4 105. Kf2 hxg3+ 106. Kg2 Kf5 107. Bxg3 1/2-1/2

[Event "*** MasterClass Titled Tuesday Blitz"]
[Site "Chess.com"]
[Date "2017.12.05"]
[Round "7"]
[White "ChessQueen"]
[Black "chidori_boruto"]
[Result "1-0"]
[WhiteElo "2606"]
[BlackElo "2526"]
[TimeControl "180+2"]
[EndTime "15:47:39 PST"]
[Termination "ChessQueen won on time"]

1. e4 c6 2. Nf3 d5 3. Nc3 Bg4 4. Be2 Nf6 5. h3 Bxf3 6. Bxf3 d4 7. Ne2 d3 8. Ng3 Na6 9. O-O e6 10. cxd3 Nc5 11. e5 Ng8 12. d4 Qxd4 13. Ne2 Qd3 14. b4 Nd7 15. Bb2 Bxb4 16. Ng3 Ne7 17. Ne4 Nf5 18.
Re1 O-O 19. Qb3 Qxb3 20. axb3 Rfd8 21. Rec1 Nh4 22. Be2 Ng6 23. d4 Nb6 24. g3 Ne7 25.
Kg2 Nf5 26. Rd1 h5 27. Bxh5 g6 28. Be2 Kg7 29. g4 Ne7 30. h4 Ned5 31. Kg3 Rh8 32. Rh1 Be7 33. h5 a6 34. hxg6 fxg6 35.
Rxh8 Rxh8 36. Bc1 Rh1 37. Bb2 Rh8 38. Bc1 Rh1 39. Bb2 Rxa1 40. Bxa1 Nd7 41. f4 c5 42.
dxc5 Nxc5 43. Nxc5 Bxc5 44. Bb2 Be3 45. f5 gxf5 46.
gxf5 exf5 47. Bf3 Bf4+ 48. Kh4 Nb4 49. e6+ Kf8 50. Ba3 a5 51. Bxb7 Ke7 52. Bc8 Kf6 53. Bb2+ Ke7 54. Kh5 Bd6 55. Kg6 f4 56. Bf6+ Kf8 57.
Bg7+ Ke7 58. Bf6+ Kf8 59. Bb7 Nd3 60. Kf5 Nc5 61. Bd5 f3 62. Bd4 Ke7 63. Bf2 Kf8 64. Bh4 Nd3 65. Bxf3 Nc5 66. Bd5 a4 67. b4 Na6 68. b5 Nc7 69. Bc4 Na8 70. Bf2 a3 71.
b6 Nxb6 72. Bxb6 Bb4 73. Bd4 Bd2 74. Bf6 Bb4 75. Ke4 Bd2 76. Kd5 Bc1 77. Kc6 Bb2 78.
Bh4 Bc3 79. Kd7 Bb4 80. e7+ Bxe7 81. Bxe7+ Kg7 82. Bxa3 Kf6 83. Kd6 1-0

[Event "*** MasterClass Titled Tuesday Blitz"]
[Site "Chess.com"]
[Date "2017.12.05"]
[Round "7"]
[White "igorkovalenko"]
[Black "JoachimBN"]
[Result "0-1"]
[WhiteElo "2703"]
[BlackElo "2552"]
[TimeControl "180+2"]
[EndTime "15:47:52 PST"]
[Termination "JoachimBN won by resignation"]

1. e4 g6 2. d4 Bg7 3. Nf3 c5 4. d5 d6 5. c4 Bg4 6. Be2 Qb6 7. Nc3 Bxc3+ 8. bxc3 Nd7 9. O-O Ngf6 10. Qc2 O-O 11. h3 Bxf3 12. Bxf3 Qa6 13. Be2 Nb6 14. a4 Nbd7 15. f4 Rae8 16. Bd3 Nh5 17. g4 Ng7 18. Bd2 Qa5 19. Kg2 e6 20. Qb3 Qc7 21. Rae1 h5 22. Rb1 b6 23. Rbe1 Re7 24. Re2 hxg4 25.
hxg4 Nf6 26. Kf3 exd5 27. cxd5 Rfe8 28. c4 Qc8 29. Rg1 g5 30. f5 Nd7 31. Bxg5 f6 32. Bf4 Ne5+ 33. Kf2 Kf7 34. Re3 Rh8 35. Be2 Rh4 36. Rh3 Qh8 37. Rgh1 Rxh3 38. Rxh3 Qg8 39. Rh6 Nd7 40. Bxd6 Rxe4 41. Bf3 Rd4 42. Qe3 Qe8 43. Qxe8+ Nxe8 44. Rh7+ Ng7 45. Be2 Kg8 46. Rh6 Ne8 47. Bg3 Kg7 48. Rh1 Ne5 49. Bxe5 fxe5 50. g5 Nd6 51.
f6+ Kg6 52. Rg1 Rf4+ 53. Ke1 Nf7 54. Bd3+ e4 55. Bc2 Nxg5 56. f7 Rxf7 57. Bxe4+ Kf6 58. Bg2 Ke5 59. Ke2 Rf4 60. Bh1 Nf7 61. Kd3 Rd4+ 62.
Kc3 Nd6 63. Re1+ Kf4 64. Rf1+ Ke5 65. Re1+ Kf5 66. a5 Rxc4+ 67. Kb3 Rb4+ 68. Kc2 bxa5 69.
Re6 Rb6 70. Bg2 a4 71. Re7 a6 72. Bh3+ Kf4 73. Re1 Nb5 74. Ra1 a3 75. Bf1 Ke5 76.
Bc4 Kd4 77. Ba2 c4 78. Rd1+ Kc5 79. Rh1 Nd4+ 80. Kc3 Ne2+ 81. Kd2 Rb2+ 82. Ke3 Rxa2 83. d6 Kxd6 84. Rh6+ Kc5 85. Rxa6 Nc3 86. Ra5+ Kb4 87.
Ra8 Re2+ 88. Kd4 Rd2+ 0-1

[Event "*** MasterClass Titled Tuesday Blitz"]
[Site "Chess.com"]
[Date "2017.12.05"]
[Round "7"]
[White "larso"]
[Black "maciek_92"]
[Result "0-1"]
[WhiteElo "2366"]
[BlackElo "2577"]
[TimeControl "180+2"]
[EndTime "15:48:07 PST"]
[Termination "maciek_92 won by resignation"]

1. d4 Nf6 2. Bf4 g6 3. Nc3 Bg7 4. Nf3 d6 5. Qd2 O-O 6. Bh6 c5 7. Bxg7 Kxg7 8. e3 Nc6 9. h4 Bg4 10. d5 Bxf3 11. gxf3 Ne5 12. Be2 h5 13. f4 Ned7 14.
O-O-O a6 15. e4 b5 16. Qe3 Qc7 17. f5 b4 18. Nb1 Ne5 19. Rhg1 c4 20. fxg6 fxg6 21.
f4 Neg4 22. Qd4 Kh7 23. Bxc4 Rac8 24. Bd3 a5 25. Rde1 Qc5 26. Qxc5 Rxc5 27. Nd2 a4 28.
Kb1 Rfc8 29. Re2 Kg7 30. Nf3 a3 31. Nd4 Kf7 32. Ne6 Ra5 33. Rf1 axb2 34. Kxb2 Rc3 35. Nd4 Rca3 36. Bc4 Rc5 37. Bb3 Rc7 38. e5 Rxb3+ 39.
axb3 Nxd5 40. exd6 exd6 41. f5 Nde3 42. fxg6+ Kxg6 43. Rfe1 Re7 44. Nc6 Re4 45. Kc1 Kf5 46. Kd2 Kf4 47.
c3 bxc3+ 48. Kxc3 d5 49. Nd4 Ne5 50. Nc2 Nd1+ 51. Kd2 Nb2 52. Rxe4+ dxe4 53. Ne3 Nf3+ 54.
Ke2 Nxe1 55. Nd5+ Ke5 56. Nc3 Nf3 57. Ke3 Nd4 58. Nxe4 Nf5+ 59. Kf3 Nd3 60. Ng5 Nxh4+ 61. Kg3 Nf5+ 62. Kh3 Nf4+ 63. Kh2 Kd4 64. Nh7 Ke3 65. b4 Nd5 66. b5 Kf4 67. Kh3 Kf3 68. Ng5+ Kf4 69.
Ne6+ Ke5 70. Ng5 Kf6 71. Ne4+ Kg6 72. Kh2 h4 73. Kh3 Kh5 74. b6 Nxb6 75. Nf6+ Kg6 76. Ne4 Nd5 77. Kg4 Nde3+ 78. Kf4 Ng2+ 79. Kg4 Nfe3+ 80.
Kh3 Kf5 81. Nd6+ Kf4 82. Nf7 Kf5 83. Nd6+ Kg6 84. Ne4 Kh6 85. Nf6 Kg5 86. Ne4+ Kf5 87.
Ng3+ Kf4 88. Ne2+ Kg5 89. Nd4 Nf4+ 90. Kh2 Kg4 91. Kh1 Nf5 92. Nc2 Kg3 93. Ne1 Nd4 94. Nc2 Nxc2 95. Kg1 Ne3 96. Kh1 Ng4 97. Kg1 h3 98.
Kh1 Nf2+ 0-1

[Event "*** MasterClass Titled Tuesday Blitz"]
[Site "Chess.com"]
[Date "2017.12.05"]
[Round "7"]
[White "saraswathii"]
[Black "dyziotomi99"]
[Result "1-0"]
[WhiteElo "2314"]
[BlackElo "2430"]
[TimeControl "180+2"]
[EndTime "15:48:43 PST"]
[Termination "saraswathii won by resignation"]

1. d4 d5 2. Bf4 c5 3. e3 Nc6 4. c3 Nf6 5. Nf3 Qb6 6. Qb3 c4 7.
Qc2 Bf5 8. Qc1 e6 9. Nbd2 Qd8 10.
Be2 Bd6 11. Bg3 O-O 12. O-O b5 13. Ne5 Bxe5 14. dxe5 Nd7 15. f4 Nc5 16. Rd1 Nd3 17. Bxd3 Bxd3 18. Nf3 a5 19. Ne1 Be4 20. Qd2 Qb6 21.
a3 b4 22. axb4 axb4 23. Bh4 Rfb8 24. cxb4 Nxb4 25. Bf2 Nc6 26. Nf3 h6 27. Rxa8 Rxa8 28. Qc3 Ra2 29. Rd2 Ra1+ 30. Ne1 Nb4 31. b3 Nd3 32. Qxa1 Nxe1 33. Qxe1 c3 34. Rd1 c2 35.
Ra1 Qxb3 36. Qc1 Kh7 37. Ra7 Kg6 38. Ra1 Qd3 39. Qe1 h5 40. Rc1 Qb3 41. Bh4 Kh7 42.
Qe2 Kg6 43. g4 hxg4 44. Qxg4+ Kh7 45. Qh3 Qd3 46. Bf2+ Kg8 47. Qf1 Qb3 48. h4 Bf3 49. h5 Bxh5 50. Qh3 Bd1 51. Qf1 Qb2 52. Rxd1 cxd1=Q 53.
Qxd1 Qb4 54. Qg4 Qe4 55. Kf1 Kh7 56. Bg1 Qd3+ 57. Kg2 Qc2+ 58. Bf2 Qe4+ 59. Kh2 Qc2 60. Kg3 Qb1 61. Qh3+ Kg8 62. Qg2 Qg6+ 63. Kh2 Qh5+ 64. Kg1 Qe2 65. Qf1 Qg4+ 66. Qg2 Qe2 67. Kh2 Qh5+ 68.
Qh3 Qe2 69. Kg2 Qd3 70. Qg4 Qe4+ 71. Kh2 Qc2 72. Kg1 Qb1+ 73. Kh2 Qc2 74. Kg3 Qb1 75. f5 exf5 76. Qh4 Qb6 77. Qg5 Qe6 78. Kf4 f6 79.
exf6 Qe4+ 80. Kg3 Qe5+ 81. Kg2 Qe4+ 82. Kh2 Qe5+ 83. Kg2 Qe4+ 84. Kg1 Qg4+ 85. Qxg4 fxg4 86. fxg7 Kxg7 87. Kg2 Kg6 88. Kg3 Kg5 89. Be1 Kf5 90.
Bc3 Kg5 91. Be5 Kf5 92. Bc7 Kg5 93. Bb6 Kf5 94. Kh4 d4 95. exd4 Kf4 96. Bc7+ Ke4 97. Be5 Ke3 98. Kxg4 1-0

[Event "*** MasterClass Titled Tuesday Blitz"]
[Site "Chess.com"]
[Date "2017.12.05"]
[Round "7"]
[White "pKiLz5Rn9b"]
[Black "platy3"]
[Result "1-0"]
[WhiteElo "2648"]
[BlackElo "2550"]
[TimeControl "180+2"]
[EndTime "15:49:12 PST"]
[Termination "pKiLz5Rn9b won by resignation"]

1. b3 Nf6 2. Bb2 b6 3. Nf3 Bb7 4. g3 e6 5. Bg2 g6 6. c4 Bg7 7.
O-O O-O 8. d4 d6 9. Nc3 Nbd7 10.
d5 e5 11. e4 Nc5 12. Ne1 a5 13. a3 Ne8 14. b4 Nd7 15. Nd3 f5 16. Rc1 f4 17. Bh3 Ba6 18. Nb5 Qe7 19. Qg4 Rf7 20. Qxd7 Qxd7 21. Bxd7 Rxd7 22. gxf4 Bh6 23. fxe5 Bxc1 24.
e6 Bxb2 25. exd7 Bxb5 26. cxb5 Nf6 27. Nxb2 axb4 28. axb4 Nxd7 29. Rc1 Nf6 30. f3 Ra3 31. Rxc7 Rxf3 32. Nc4 Nxe4 33. Nxb6 Rb3 34. Nc4 Rxb4 35.
b6 Nc5 36. Rc6 Rxc4 37. b7 Rb4 38. Rc8+ Kf7 39. b8=Q Rxb8 40. Rxb8 Kf6 41. Re8 Kf5 42. Kg2 Nd3 43. Kf3 Ne5+ 44. Kg3 Ke4 45. Re7 h6 46. Rh7 h5 47. Re7 Kxd5 48. Kf4 Kd4 49. h4 Kd5 50.
Re8 Kd4 51. Ra8 Kd5 52. Ra5+ Kd4 53. Ra4+ Kd5 54. Ra5+ Kd4 55. Ra8 Kd5 56. Ke3 Ke6 57. Ke4 Nd7 58. Re8+ Kf7 59. Rd8 Ke7 60. Ra8 Ke6 61.
Kf4 Ne5 62. Ke4 Nd7 63. Rh8 Ne5 64. Re8+ Kf7 65. Rd8 Ke7 66. Rg8 Kf6 67. Kd5 Ke7 68. Rg7+ Kf6 69. Rg8 Ke7 70. Ra8 Nf3 71. Ra4 Ne5 72.
Rf4 Nd7 73. Re4+ Ne5 74. Re3 Kd7 75. Ra3 Nc6 76. Rg3 Ne7+ 77. Ke4 Ke6 78. Rg5 Kf6 79.
Kf4 Nf5 80. Rg1 Nxh4 81. Rd1 Nf5 82. Rd5 h4 83. Ra5 Ng7 84. Kg4 Nf5 85. Rb5 d5 86.
Rb6+ Kf7 87. Kg5 h3 88. Rb7+ Ke6 89. Rb1 Nd4 90. Rh1 h2 91. Kg4 Ke5 92. Rxh2 Nf5 93. Re2+ Kf6 94. Kf4 d4 95. Rd2 g5+ 96. Ke4 g4 97.
Kf4 g3 98. Ra2 d3 99. Ra6+ Ke7 100. Kxf5 1-0

[Event "*** MasterClass Titled Tuesday Blitz"]
[Site "Chess.com"]
[Date "2017.12.05"]
[Round "7"]
[White "dusanacns"]
[Black "RaphaeI"]
[Result "1-0"]
[WhiteElo "2611"]
[BlackElo "2512"]
[TimeControl "180+2"]
[EndTime "15:49:22 PST"]
[Termination "dusanacns won by resignation"]

1. d4 Nf6 2. Nf3 g6 3. Bg5 Bg7 4. Nbd2 O-O 5. e4 d6 6. c3 c5 7.
dxc5 dxc5 8. Bc4 h6 9. Bh4 Nc6 10. O-O Nh5 11. Qe2 Qc7 12. Rfe1 Na5 13. e5 Nxc4 14.
Nxc4 Be6 15. a4 Rad8 16. b3 Nf4 17. Qe4 Nd5 18. Rac1 Bf5 19. Qe2 Nf4 20. Qe3 Nd3 21. Bg3 Nxe1 22. Rxe1 e6 23. Nd6 Qc6 24. h4 Bg4 25.
Nh2 Bf5 26. Bf4 g5 27. hxg5 hxg5 28. Bxg5 Rxd6 29. exd6 Qxd6 30. Bh6 Rd8 31. Qg5 Bg6 32. Bxg7 Kxg7 33. Ng4 Qd2 34. Qf6+ Kg8 35. Qe5 Rd3 36. Nf6+ Kf8 37. Qb8+ Kg7 38. Ne8+ Kh7 39. Qe5 Qxc3 40. Qh2+ Kg8 41. Rf1 Kf8 42. Qb8 Ke7 43. Nc7 Qxb3 44.
Qe8+ Kf6 45. Qh8+ Ke7 46. Qe8+ Kf6 47. Qh8+ Ke7 48. Qh4+ Kd7 49. Nb5 a6 50. Na7 Kc7 51. Qf4+ Kb6 52. Nc8+ Ka5 53. Qc7+ b6 54. Ne7 Rd1 55.
Nc6+ Kxa4 56. Qf4+ c4 57. Rxd1 Qxd1+ 58. Kh2 Qh5+ 59.
Kg1 Qd1+ 60. Kh2 Qd5 61. Qc7 Qc5 62. Qd7 b5 63. Qd1+ Ka3 64. Qc1+ Ka2 65. Qd2+ Ka3 66. Qc1+ Ka2 67. Qd2+ Kb1 68. Nb4 c3 69. Qa2+ Kc1 70. Qa1+ Kd2 71. Na2 c2 72. Qc1+ Kd3 73. Qe1 Qh5+ 74.
Kg3 Qg5+ 75. Kh2 Qh6+ 76. Kg3 Qg5+ 77. Kh2 c1=Q 78. Nxc1+ Kc2 79. Ne2 Qe5+ 80. Kg1 Bd3 81. Qc1+ Kb3 82. Qd1+ Kc4 83. Nc1 Qc3 84. Na2 Qc2 85.
Qg4+ Kb3 86. Nb4 Qc1+ 87. Kh2 Bc4 88. Nxa6 Qh6+ 89. Kg1 Qc1+ 90. Kh2 f5 91. Qg3+ Qc3 92. Qd6 Qh8+ 93. Kg1 Qa1+ 94. Kh2 Qh8+ 95. Kg1 Qa1+ 96.
Kh2 Qh8+ 97. Kg3 Qc3+ 98. f3 b4 99. Qd1+ Kb2 100. Qd6 b3 101. Nc5 Qb4 102. Nd3+ Kc3 103. Nxb4 1-0

[Event "*** MasterClass Titled Tuesday Blitz"]
[Site "Chess.com"]
[Date "2017.12.05"]
[Round "7"]
[White "evgenysharapov"]
[Black "LastHeroJr"]
[Result "1-0"]
[WhiteElo "2303"]
[BlackElo "2397"]
[TimeControl "180+2"]
[EndTime "15:49:46 PST"]
[Termination "evgenysharapov won by resignation"]

1. e4 e5 2. Nf3 Nc6 3. Bb5 a6 4. Ba4 Nf6 5. O-O Be7 6. Re1 b5 7. Bb3 O-O 8. c3 d6 9. h3 Na5 10. Bc2 c5 11. d4 Nd7 12. Nbd2 exd4 13. cxd4 Nc6 14. Nf1 cxd4 15. Nxd4 Nxd4 16. Qxd4 Ne5 17. Ne3 Bxh3 18. f4 Nc6 19. Qd1 Bd7 20. Nd5 Bh4 21. Rf1 Be6 22. Qh5 Bxd5 23. exd5 g6 24. Qh6 Nb4 25. Bb3 Nd3 26. f5 Nxc1 27. Qxc1 Bg3 28.
Qh6 Qh4 29. Qxh4 Bxh4 30. Rac1 Rac8 31. Rc6 a5 32. Rfc1 Rce8 33. fxg6 hxg6 34. Rxd6 a4 35.
Bc2 Re2 36. Rc6 Rd8 37. Rd1 Bg3 38. b3 a3 39. Kf1 Rf2+ 40. Kg1 Re2 41. Kf1 Re5 42.
Rc5 b4 43. Rb5 Kg7 44. Rxb4 Rexd5 45. Rxd5 Rxd5 46. Ke2 Bd6 47. Rc4 Re5+ 48. Re4 Rc5 49. Rc4 Rg5 50. Kf2 Rd5 51. Ke2 Re5+ 52. Re4 Rg5 53.
Kf2 Rc5 54. Rc4 Re5 55. Be4 f5 56. Bf3 Bc5+ 57. Kf1 Be3 58. b4 Rb5 59. Bc6 Rb8 60. b5 Kf6 61. Rc3 Bd4 62. Rxa3 Ke5 63. Rb3 g5 64. a4 Bb6 65. Rd3 g4 66. Rd5+ Ke6 67.
Rd7 Ba5 68. Ra7 Bb4 69. a5 f4 70. b6 Bxa5 71. Rxa5 Rxb6 72. Bd5+ Kf6 73. Ke2 Rb2+ 74. Kd3 f3 75. gxf3 g3 76. f4 g2 77. Ra1 Kf5 78. Rg1 Kxf4 79. Bxg2 Rb3+ 80. Kc4 Rg3 81. Rf1+ Ke3 82. Bd5 Rg4+ 83. Kc3 Rg5 84. Bc4 Rc5 85. Re1+ Kf2 86. Re8 Rc7 87. Re5 Kf3 88. Kd4 Kf4 89. Bd5 Rd7 90. Re8 Ra7 91. Rf8+ Kg3 92. Be4 Ra4+ 93. Ke3 Ra3+ 94. Bd3 Kg4 95.
Rg8+ Kh5 96. Ke2 Kh6 97. Be4 Kh5 98. Kf2 Kh6 99. Rg1 Kh5 100. Ke2 Kh6 101. Bd3 Kh5 102. Ke3 Kh6 103. Kd4 Ra4+ 104. Ke5 Ra5+ 105. Kf4 Rb5 106. Bxb5 1-0

[Event "*** MasterClass Titled Tuesday Blitz"]
[Site "Chess.com"]
[Date "2017.12.05"]
[Round "8"]
[White "lrivaspicazo"]
[Black "kanachess88"]
[Result "0-1"]
[WhiteElo "1728"]
[BlackElo "2257"]
[TimeControl "180+2"]
[EndTime "15:52:34 PST"]
[Termination "kanachess88 won by resignation"]

1. e4 e5 2. Nf3 Nc6 3. Bc4 Bc5 4. O-O h6 5. d4 exd4 6. e5 Nge7 7. c3 dxc3 8. Nxc3 O-O 9. Qd3 d6 10. Ne4 Bf5 11.
exd6 Bxd6 12. Re1 Ng6 13. a3 a6 14. b4 b5 15. Ba2 Bxh2+ 0-1

[Event "*** MasterClass Titled Tuesday Blitz"]
[Site "Chess.com"]
[Date "2017.12.05"]
[Round "8"]
[White "Diwi89"]
[Black "Zenzo"]
[Result "1-0"]
[WhiteElo "2718"]
[BlackElo "2493"]
[TimeControl "180+2"]
[EndTime "15:53:18 PST"]
[Termination "Diwi89 won by resignation"]

1. e4 e5 2. Nf3 Nc6 3. Bb5 a6 4.
Ba4 Nge7 5. d4 exd4 6. O-O g6 7.
c3 Bg7 8. cxd4 b5 9. Bb3 O-O 10. Nc3 d6 11. Nd5 Bg4 12. Bg5 h6 13. Nf6+ Kh8 14.
Nxg4 hxg5 15. Nxg5 d5 16. Qd3 Kg8 17. Qh3 Re8 18.
Nf6+ Bxf6 19. Qh7+ 1-0

[Event "*** MasterClass Titled Tuesday Blitz"]
[Site "Chess.com"]
[Date "2017.12.05"]
[Round "8"]
[White "platy3"]
[Black "Rsnr"]
[Result "0-1"]
[WhiteElo "2543"]
[BlackElo "2641"]
[TimeControl "180+2"]
[EndTime "15:53:32 PST"]
[Termination "Rsnr won by resignation"]

1. e4 c6 2. d4 d5 3. Nc3 dxe4 4. Nxe4 Bf5 5. Ng3 Bg6 6. h4 h6 7. Nf3 e6 8. Ne5 Bh7 9. Bd3 Bxd3 10. Qxd3 Nd7 11. f4 c5 12. Bd2 Nxe5 13. fxe5 cxd4 14. O-O-O Qd5 15. Kb1 Ne7 16. Rhf1 Nc6 17. Rde1 Rd8 18.
Bf4 Nb4 19. Qb3 d3 20. c3 d2 21. Bxd2 Qd3+ 0-1

[Event "*** MasterClass Titled Tuesday Blitz"]
[Site "Chess.com"]
[Date "2017.12.05"]
[Round "8"]
[White "Sulvyfex"]
[Black "indfraeng"]
[Result "1-0"]
[WhiteElo "1350"]
[BlackElo "1811"]
[TimeControl "180+2"]
[EndTime "15:53:54 PST"]
[Termination "Sulvyfex won by resignation"]

1. e4 c6 2. d4 d5 3. e5 Bf5 4.
Nf3 e6 5. Be2 h6 6. O-O Ne7 7. Be3 Nd7 8. Nbd2 c5 9. c4 cxd4 10.
Nxd4 Bh7 11. Qa4 Nf5 12. cxd5 Nxd4 13. Bxd4 exd5 14. e6 Be7 15. Bxg7 Rg8 16. exd7+ Qxd7 17. Bb5 Rxg7 18. Bxd7+ 1-0

[Event "*** MasterClass Titled Tuesday Blitz"]
[Site "Chess.com"]
[Date "2017.12.05"]
[Round "8"]
[White "Vamostodorecto"]
[Black "TregubovP"]
[Result "0-1"]
[WhiteElo "2326"]
[BlackElo "2500"]
[TimeControl "180+2"]
[EndTime "15:54:03 PST"]
[Termination "TregubovP won by resignation"]

1. c4 c5 2. d4 cxd4 3. Nf3 e5 4. e3 dxe3 5. Bxe3 Nc6 6. a3 Nf6 7. Nc3 Be7 8. Bd3 d5 9. cxd5 Nxd5 10. Nxd5 Qxd5 11.
Qc2 Be6 12. Be4 Qa5+ 13. Bd2 Qb5 14. Bd3 Qb3 15. Qxb3 Bxb3 16. Bb5 f6 17. Rc1 Rc8 18. Be3 a6 19. Bxc6+ Rxc6 20. Rxc6 bxc6 21. Kd2 Kd7 22. Rd1 Bxd1 0-1

[Event "*** MasterClass Titled Tuesday Blitz"]
[Site "Chess.com"]
[Date "2017.12.05"]
[Round "8"]
[White "yurisolo"]
[Black "ChessQueen"]
[Result "1-0"]
[WhiteElo "2505"]
[BlackElo "2594"]
[TimeControl "180+2"]
[EndTime "15:54:16 PST"]
[Termination "yurisolo won by resignation"]

1. e4 c5 2. Nf3 Nc6 3. Bb5 g6 4.
O-O Bg7 5. Re1 Nf6 6. e5 Nd5 7. Nc3 Nc7 8. Bxc6 dxc6 9. Ne4 b6 10. Nf6+ Kf8 11. Ne4 Bg4 12. d3 h6 13. h3 Bxf3 14.
Qxf3 Qd5 15. c4 Qd7 16. Bd2 Rd8 17. Bc3 Kg8 18. Rad1 Ne6 19. h4 Nd4 20. Bxd4 Qxd4 21. e6 f5 22. h5 fxe4 23. Qf7+ 1-0

[Event "*** MasterClass Titled Tuesday Blitz"]
[Site "Chess.com"]
[Date "2017.12.05"]
[Round "8"]
[White "ZABDIELBLANCO"]
[Black "DiogenesSinopeus"]
[Result "0-1"]
[WhiteElo "1222"]
[BlackElo "2351"]
[TimeControl "180+2"]
[EndTime "15:55:01 PST"]
[Termination "DiogenesSinopeus won by resignation"]

1. d4 Nf6 2. c4 g6 3. Nc3 d5 4. cxd5 Nxd5 5. e3 Bg7 6. Nxd5 Qxd5 7. b3 O-O 8. Nf3 c5 9. Bc4 Qh5 10. dxc5 Bxa1 11. e4 Bg4 12. Bh6 Bc3+ 13. Ke2 Qxh6 14. Qd5 Nc6 15. h3 Rad8 16. Qg5 Qxg5 0-1

[Event "*** MasterClass Titled Tuesday Blitz"]
[Site "Chess.com"]
[Date "2017.12.05"]
[Round "8"]
[White "oogee"]
[Black "Marcin"]
[Result "0-1"]
[WhiteElo "2100"]
[BlackElo "2233"]
[TimeControl "180+2"]
[EndTime "15:55:03 PST"]
[Termination "Marcin won by resignation"]

1. d4 Nf6 2. c4 c5 3. d5 e6 4. Nc3 exd5 5. cxd5 d6 6. Nf3 g6 7. Nd2 Bg7 8. e4 O-O 9. Be2 Na6 10. O-O Nc7 11. a4 b6 12. Qc2 Re8 13. Re1 Rb8 14.
Bb5 Re7 15. Nc4 a6 16. Bc6 b5 17. axb5 axb5 18. Na5 b4 19. Na4 Ncxd5 20. Bxd5 Qxa5 21.
Bf4 Nxd5 22. Bxd6 Ra8 23. exd5 Rxe1+ 24. Rxe1 Bf5 25. Qxc5 Qxa4 26. h4 Bxb2 27. h5 Bc3 28. h6 Bxe1 29. Be5 Bc3 30. d6 Bxe5 31. Qxe5 Qa1+ 0-1

[Event "*** MasterClass Titled Tuesday Blitz"]
[Site "Chess.com"]
[Date "2017.12.05"]
[Round "8"]
[White "Msb2"]
[Black "gmjoey1"]
[Result "1-0"]
[WhiteElo "2706"]
[BlackElo "2497"]
[TimeControl "180+2"]
[EndTime "15:55:18 PST"]
[Termination "Msb2 won by resignation"]

1. d4 Nf6 2. c4 e6 3. g3 Bb4+ 4. Nd2 O-O 5. Bg2 d5 6. Nf3 dxc4 7. Qc2 b5 8. a4 a5 9. axb5 Bb7 10. O-O c6 11. Ne5 Qxd4 12. bxc6 Qxe5 13. cxb7 Ra6 14.
Nxc4 Qc7 15. Bf4 Qe7 16. Rfd1 Nd5 17. Rxd5 exd5 18. Bxd5 Rd8 19. Bf3 Nc6 20. Bxc6 Rxc6 21. b8=Q Rxb8 22. Bxb8 Qd8 23. Bf4 Qc8 24. b3 h5 25. h4 Bc5 26. Rxa5 Qh3 27. Ra8+ Rc8 28. Rxc8+ Qxc8 29. Be3 Bf8 1-0

[Event "*** MasterClass Titled Tuesday Blitz"]
[Site "Chess.com"]
[Date "2017.12.05"]
[Round "8"]
[White "VeryAnonymousPatzer"]
[Black "Sola00"]
[Result "0-1"]
[WhiteElo "1129"]
[BlackElo "1545"]
[TimeControl "180+2"]
[EndTime "15:55:31 PST"]
[Termination "Sola00 won on time"]

1. e4 e6 2. d4 d5 3. exd5 exd5 4. Nf3 Bd6 5. Bb5+ c6 6. Bd3 Nf6 7. O-O O-O 8. Nc3 Bg4 9. Bg5 Nbd7 10. h3 Bh5 11. Be2 Qc7 12. Bh4 Rfe8 13. Bg3 Bxg3 14.
fxg3 Qxg3 15. Nh2 Bxe2 16. Nxe2 Qe3+ 17. Rf2 Ne4 18. Qd3 Qxf2+ 19. Kh1 Qxe2 20. Qxe2 Ng3+ 21. Kg1 Rxe2 22. Ng4 Rxc2 23. Ne3 Rxb2 24. Nd1 Rd2 0-1

[Event "*** MasterClass Titled Tuesday Blitz"]
[Site "Chess.com"]
[Date "2017.12.05"]
[Round "8"]
[White "d4xaoc"]
[Black "fardinkhan46"]
[Result "0-1"]
[WhiteElo "1196"]
[BlackElo "1470"]
[TimeControl "180+2"]
[EndTime "15:55:40 PST"]
[Termination "fardinkhan46 won by checkmate"]

1. e4 e5 2. c3 Nc6 3. Bc4 Nf6 4. Qb3 Qe7 5. Nf3 d6 6. Ng5 Be6 7. Nxe6 fxe6 8. Bxe6 Na5 9. Qb5+ Nc6 10. Bd5 Qd7 11. Qxb7 Rb8 12. Qa6 Rb6 13. Qa4 Nxd5 14. exd5 Nb8 15.
Qd1 Be7 16. Qh5+ g6 17. Qh6 Qf5 18. O-O Bg5 19. Na3 Bxh6 20. d4 Qh5 21. dxe5 Bxc1 22. Raxc1 dxe5 23. Rce1 Rxb2 24. f4 Qg4 25. Rxe5+ Kf7 26.
Rg5 Qe2 27. f5 Qe3+ 28. Kh1 Qxg5 29. fxg6+ Kxg6 30. Nc4 Qxg2# 0-1

[Event "*** MasterClass Titled Tuesday Blitz"]
[Site "Chess.com"]
[Date "2017.12.05"]
[Round "8"]
[White "wanyaland"]
[Black "sandager"]
[Result "1-0"]
[WhiteElo "2235"]
[BlackElo "1978"]
[TimeControl "180+2"]
[EndTime "15:56:01 PST"]
[Termination "wanyaland won on time"]

1. e4 e5 2. Nf3 Nc6 3. Bb5 a6 4. Ba4 Nf6 5. O-O Be7 6. d3 b5 7.
Bb3 O-O 8. a4 Bb7 9. Nc3 b4 10.
Ne2 d6 11. a5 Re8 12. h3 Bf8 13. Ng3 g6 14. Ng5 Re7 15. Qf3 Bg7 16. Qd1 h6 17.
Nf3 d5 18. Qe1 Nd4 19. Nxd4 exd4 20. e5 Nd7 21. f4 Nc5 22. Qxb4 Nxb3 23. cxb3 c5 24.
Qxc5 Rc8 25. Qxd4 Rc2 26. Be3 Rec7 27. Rfc1 Qh4 28. Kh2 1-0